 Dungeon Crawl Stone Soup version 0.32-a0-913-g739538afd8 (webtiles) character file.

Game seed: 9948071235459717222

9 horus123 the Ducker (level 2, -1/17 HPs)
             Began as a Deep Elf Gladiator on Apr 9, 2024.
             Slain by a kobold
             ... wielding a +0 whip
              (2 damage)
             ... on level 1 of the Dungeon.
             The game lasted 00:00:46 (879 turns).

horus123 the Ducker (Deep Elf Gladiator)             Turns: 879, Time: 00:00:46

Health: -1/17      AC:  4    Str: 11    XL:     2   Next: 6%
Magic:  4/4        EV: 12    Int: 12    God:
Gold:   46         SH:  0    Dex: 16    Spells: 1/1 levels left

rFire   . . .        a - +0 long sword
rCold   . . .        (no shield)
rNeg    . . .        b - +0 leather armour
rPois   .            c - +0 helmet
rElec   .            (no cloak)
rCorr   .            (no gloves)
SInv    .            (no boots)
Will    .....        (no amulet)
Stlth   +            (no ring)
HPRegen 0.22/turn    (no ring)
MPRegen 0.09/turn

%: no passive effects
@: no status effects
A: no striking features
a: no special abilities


You were on level 1 of the Dungeon.
You visited 1 branch of the dungeon, and saw 1 of its levels.

You collected 46 gold pieces.

Inventory:

Hand Weapons
 a - a +0 long sword (weapon)
Missiles
 d - 3 throwing nets (quivered)
 e - a javelin
Armour
 b - a +0 leather armour (worn)
 c - a +0 helmet (worn)
 l - an orb of energy
Scrolls
 h - 3 scrolls of torment {unknown}
 i - a scroll of revelation {unknown}
 k - a scroll of vulnerability {unknown}
Potions
 f - a potion of might {unknown}
 g - a potion of haste {unknown}
 j - a potion of heal wounds {unknown}


   Skills:
 + Level 2.3 Fighting
 - Level 2.6 Long Blades
 - Level 2.0 Throwing
 - Level 3.6 Dodging


You had one spell level left.
You didn't know any spells.
Your spell library was empty.

Dungeon Overview and Level Annotations

Branches:
Dungeon (1/15)

Altars:


Message History

You now have 46 gold pieces (gained 10).
A bat comes into view.
Found 4 stones.
The bat closely misses you. The bat hits you.
You miss the bat. The bat misses you. The bat hits you but does no damage.
A bat is nearby!
You hit the bat.
You kill the bat!
No target in view!
No target in view!
You see here 4 stones.
There is a stone staircase leading down here.
There is a stone staircase leading down here.
k - a scroll labelled KAFADO HIYQE No target in view!
No target in view!
You see here 6 stones.
You open the door.
There is an open door here.
There is an open door here.
You open the door.
You see here an orb of energy.
No target in view!
l - an orb of energy
There is a stone staircase leading down here.
A kobold comes into view. It is wielding a +0 whip.
A kobold is nearby!
The kobold hits you with a +0 whip.
You hit the kobold but do no damage. The kobold hits you with a +0 whip.
The kobold hits you but does no damage.
You are too injured to fight recklessly!
You are too injured to fight recklessly!
You are too injured to fight recklessly!
You completely miss the kobold. The kobold hits you but does no damage.
You barely miss the kobold. The kobold hits you with a +0 whip.
* * * LOW HITPOINT WARNING * * *
You closely miss the kobold. The kobold hits you with a +0 whip.
* * * LOW HITPOINT WARNING * * *
The kobold hits you with a +0 whip.
You die...

......#
##.#..###
#####.#
#..#.#
#.#
##.#.#
#.# #.#.#
#.# #.#.#
#.# #.#.#
#.# #.#.#
#.# #.#
#.# #@#
#####.#
#K#
......#
#.#
#######
#.# #.#
#.# #..
##.


You could see a kobold.

Vanquished Creatures
  2 ball pythons (D:1)
  A goblin (D:1)
  A hobgoblin (D:1)
  2 bats (D:1)
  A frilled lizard (D:1)
  4 rats (D:1)
11 creatures vanquished.

Notes
Turn   | Place    | Note
-------+----------+-------------------------------------------
     0 | D:1      | horus123 the Deep Elf Gladiator began the quest for the
                  | Orb.
     0 | D:1      | Reached XP level 1. HP: 12/12 MP: 3/3
   494 | D:1      | Reached XP level 2. HP: 13/17 MP: 4/4
   879 | D:1      | Slain by a kobold

Illustrated notes

Levels and vault maps discovered:
D:1:      matt_arrival_refuge, layout_basic

Skill      XL: |  1 |
---------------+----+-----
Fighting       | 2 |  2.3
Long Blades    | |  2.6
Throwing       | |  2.0
Dodging        | |  3.6

Action                     || total
---------------------------++-------
  Melee: Long sword        ||    33
 Armour: Leather armour    ||    25
  Dodge: Dodged            ||    15

Table legend: (Time is in decaauts)
 A = Elapsed time spent in this place.
 B = Non-inter-level travel time spent in this place.
 C = Inter-level travel time spent in this place.
 D = Time resting spent in this place.
 E = Time spent auto-exploring this place.
 F = Levels seen in this place.
 G = Mean time per level.
                   A        B        C        D        E       F      G
               +--------+--------+--------+--------+--------+-----+--------+
         Total |    887 |    887 |      0 |     61 |    727 |   1 |  887.0 |
       Dungeon |    887 |    887 |      0 |     61 |    727 |   1 |  887.0 |
               +--------+--------+--------+--------+--------+-----+--------+

Top non-repeatable levels by time:
     D:1: 887 daAuts
